Kradschützen Motorcycle Team
Selects Panzerjäger Kommand Battlegroup
Construct Light Support Kompanie
Kradschützen Motorcycle Team
Construct Mechanized Kompanie
Selects GrB 39 Grenade Launcher Requisition
Selects Defensive Positions
Selects Butterfly Bomb Drop
254 Reconnaissance Tractor
Selects Crew Shock Tactics
18-tonne Recovery Half-track
18-tonne Recovery Half-track
Construct Panzerarmee Kommand
Kradschützen Motorcycle Team
Walking Stuka Rocket Launcher